 Dungeon Crawl Stone Soup version 0.26-a0-1033-gd598b01645 (webtiles) character file.

Game seed: 2182138238153984215

40245 dolemite99 the Severer (level 14, -1/130 HPs)
             Began as a Hill Orc Gladiator on Dec 11, 2020.
             Was the Champion of Uskayaw.
             Slain by a yak (10 damage)
             ... led by a torpor snail
             ... on level 6 of the Lair of Beasts.
             The game lasted 00:27:38 (21825 turns).

dolemite99 the Severer (Hill Orc Gladiator)        Turns: 21825, Time: 00:27:38

Health: -1/130     AC:  0    Str: 22    XL:     14   Next: 10%
Magic:  23/23      EV: 15    Int:  8    God:    Uskayaw [******]
Gold:   1210       SH:  0    Dex: 12    Spells: 13/13 levels left

rFire    . . .     SeeInvis .   (weapon currently unavailable)
rCold    . . .     Faith    .   (shield currently unavailable)
rNeg     . . .     Spirit   .   (armour currently unavailable)
rPois    .         Reflect  .   (helmet currently unavailable)
rElec    .         Harm     .   (cloak currently unavailable)
rCorr    .         Rampage  .   (gloves currently unavailable)
Will     +....                  (boots currently unavailable)
Stlth    +.........             j - amulet of the acrobat
HPRegen  0.31/turn              (ring currently unavailable)
MPRegen  0.18/turn              (ring currently unavailable)

@: mighty, pig-form, very quick
A: small
a: Stomp, Line Pass, Grand Finale, Renounce Religion


You were on level 6 of the Lair of Beasts.
You worshipped Uskayaw.
Uskayaw was pleased with you.
You were a filthy swine.
You visited 2 branches of the dungeon, and saw 16 of its levels.
You also visited: Ossuary.

You collected 1288 gold pieces.
You spent 78 gold pieces at shops.

Inventory:

Hand Weapons
 a - a +3 broad axe of flaming (melded)
 b - a +6 hunting sling of flaming
 q - a +0 hunting sling
Missiles
 d - 6 datura-tipped darts
 e - 32 sling bullets
 k - 24 boomerangs (quivered)
 v - 39 poisoned darts
 S - 8 curare-tipped darts
Armour
 i - a +2 cloak (melded)
 r - a +2 pair of gloves (melded)
 s - a +0 buckler (melded)
 E - the +4 plate armour of Gohuto (melded) {rElec rN+ Will+ Str+4}
   (You found it on level 1 of the Lair of Beasts)

   It affects your strength (+4).
   It insulates you from electricity.
   It protects you from negative energy.
   It affects your willpower, your defense against some magical effects.
 R - a +2 helmet of see invisible (melded)
Jewellery
 c - an uncursed ring of ice
 j - an amulet of the acrobat (around neck)
 n - a +6 ring of intelligence
 A - the ring of Robustness (melded) {AC+8, =R}
   (You found it on level 1 of the Lair of Beasts)

   [ring of protection]

   It affects your AC (+8).
 D - an uncursed amulet of reflection
 F - a +4 ring of evasion (melded)
 H - an uncursed amulet of regeneration
 I - an uncursed ring of willpower
Wands
 J - a wand of iceblast (10)
 L - a wand of paralysis (13)
 M - a wand of enslavement (10)
 V - a wand of digging (11)
Scrolls
 g - 6 scrolls of fear
 h - 9 scrolls of teleportation
 t - 6 scrolls of magic mapping
 y - 3 scrolls of immolation
 z - 10 scrolls of remove curse {@r2}
 C - a scroll of blinking
 K - a scroll of enchant weapon
 O - a scroll of enchant armour
 W - a scroll of fog
 X - 3 scrolls of identify {@r1}
 Y - 2 scrolls of amnesia
Potions
 f - 3 potions of brilliance
 l - 5 potions of resistance
 m - 2 potions of heal wounds
 p - 3 potions of attraction
 u - a potion of magic {unknown}
 w - 5 potions of degeneration
 x - 11 potions of curing
 B - 4 potions of haste {unknown}
 G - 4 potions of lignification
 N - 2 potions of ambrosia
 U - 3 potions of flight
 Z - 2 potions of cancellation
Miscellaneous
 o - a phial of floods
 Q - a condenser vane
 T - a phantom mirror


   Skills:
 + Level 13.7 Fighting
 - Level 16.0 Axes
 + Level 6.2(6.3) Slings
 - Level 3.4 Bows
 - Level 1.7(4.3) Throwing
 - Level 10.0 Armour
 - Level 2.4 Dodging
 - Level 13.0 Invocations
 - Level 6.0 Evocations


You had 13 spell levels left.
You didn't know any spells.
Your spell library contained the following spells:

 Spells                   Type           Power        Failure   Level
 Bolt of Magma            Conj/Fire/Erth #.........   100%        5
 Fireball                 Conj/Fire      #.........   100%        5
 Irradiate                Conj/Tmut      #.........   100%        5
 Iskenderun's Battlesphe  Conj           #.......     100%        5
 Hydra Form               Tmut           #.........   100%        6
 Iron Shot                Conj/Erth      #.........   100%        6
 Statue Form              Tmut/Erth      #........    100%        6
 Dragon Form              Tmut           #.........   100%        7
 Orb of Destruction       Conj           #.........   100%        7
 Spellforged Servitor     Conj/Summ      #.........   100%        7
 Summon Hydra             Summ           #.........   100%        7
 Ignition                 Fire           #.........   100%        8


Dungeon Overview and Level Annotations

Branches:
Dungeon (10/15)            Temple (0/1) D:6            Lair (6/6) D:10
  Swamp (0/4) Lair:2       Spider (0/4) Lair:4        Slime (0/5) Lair:6
Ossuary (visited)
    Orc: D:9-12

Altars:
Fedhas
Hepliaklqana
Kikubaaqudgha
Nemelex Xobeh
Qazlal
Sif Muna
Uskayaw
Vehumet
Zin
The Shining One
Jiyva

Shops:
D:9 *

Annotations:
D:3 1 runed translucent door, lunkers's ghost, amateur HaHu
Lair:6 1 runed translucent door, Kirke


Message History

Your +4 ring of evasion melds into your body.
The ring of Robustness {AC+8, =R} melds into your body.
Your +3 broad axe of flaming stops flaming.
You feel less perceptive.
Deactivating autopickup; reactivate with Ctrl-A.
You bite something!
You feel yourself speed up. The manticore closely misses you.
The manticore claws you! The manticore barely misses you. Something hits you!
* * * LOW HITPOINT WARNING * * *
The blink frog hits you.
* * * LOW HITPOINT WARNING * * *
You bite something! The black mamba bites you!
* * * LOW HITPOINT WARNING * * *
The manticore bites you.
* * * LOW HITPOINT WARNING * * *
The manticore claws you.
* * * LOW HITPOINT WARNING * * *
The manticore closely misses you. The yak gores you!
You die...

............(
............ ...........#
...........# ....F..(...#
.......†...#
....(..§§§.## ####
....P.§YS§..######P.#####
...P..YHh#..##.P#...##.P#
...Y.P§{FF#..............
...PPP§.................P
....P.§..................
...P.....................
....w..#................#
.....#.................#
...P###................#
.....#..................


You could see a manticore (summoned), a black mamba, 2 yaks and 3 blink frogs.

Vanquished Creatures
  Snorg (Lair:5)
  A boulder beetle (Lair:2)
  6 hydras
  3 death yaks (Lair:6)
  A lindwurm (Lair:4)
  Pikel (D:6)
  An ugly thing (D:8)
  4 black mambas
  16 elephants
  Joseph (D:7)
  A torpor snail (Lair:2)
  A gargoyle (D:9)
  8 cane toads
  Maggie (D:10)
  4 rime drakes
  5 komodo dragons
  A hornet (D:9)
  5 trolls
  12 blink frogs
  4 wyverns
  3 hogs (Lair:6)
  34 yaks
  Grum (D:9)
  7 basilisks
  A vampire mosquito (D:8)
  Menkaure (D:7)
  16 water moccasins
  Duvessa (D:6)
  3 orc warriors
  3 sky beasts
  2 necrophages
  3 ice beasts
  4 black bears
  8 ogres
  A phantom (D:7)
  5 wolves
  A centaur (D:6)
  3 lemures (D:6)
  9 bullfrogs
  2 gnoll sergeants (D:6)
  Dowan (D:6)
  A water moccasin zombie (Ossuary)
  A wyvern skeleton (D:8)
  7 scorpions
  A killer bee (D:9)
  9 wights
  3 electric eels
  A howler monkey (D:4)
  2 bullfrog zombies
  A centaur zombie (D:10)
  A quasit (D:8)
  8 hounds
  3 bullfrog skeletons
  A jelly (D:9)
  9 orc priests
  Jessica (D:2)
  15 orc wizards
  4 gnoll shamans
  2 iguanas
  13 worker ants
  3 big kobold zombies (Ossuary)
  A hound zombie (D:6)
  3 hound skeletons
  2 mummies (Ossuary)
  2 worker ant zombies
  8 gnolls
  11 adders
  2 shadow imps
  6 white imps
  An ufetubus (D:7)
  2 oozes
  3 adder zombies (Ossuary)
  3 adder skeletons
  6 worms
  4 dart slugs
  2 leopard geckos
  45 orcs
  6 bats
  7 giant cockroaches
  13 goblins
  10 hobgoblins
  23 jackals
  14 kobolds
  8 quokkas
  2 ball pythons
  7 frilled lizards
  3 goblin zombies (D:5)
  11 hobgoblin zombies
  5 kobold zombies
  A leopard gecko zombie (D:5)
  2 orc skeletons (D:5)
  5 orc zombies
  7 rats
497 creatures vanquished.

Vanquished Creatures (collateral kills)
  A bullfrog (D:9)
  An adder (D:4)
  A quokka skeleton (D:4)
3 creatures vanquished.

Vanquished Creatures (others)
  A gnoll (D:6)
  A hobgoblin (D:2)
  12 fungi
  56 plants
  2 withered plants (D:3)
72 creatures vanquished.

Grand Total: 572 creatures vanquished

Notes
Turn   | Place    | Note
-------+----------+-------------------------------------------
     0 | D:1      | dolemite99 the Hill Orc Gladiator began the quest for the
                  | Orb.
     0 | D:1      | Reached XP level 1. HP: 18/18 MP: 1/1
     2 | D:1      | Noticed a felid
     2 | D:1      | Noticed a dwarf
     4 | D:1      | Noticed a demigod
     6 | D:1      | Noticed a merfolk
     6 | D:1      | Noticed a minotaur
     8 | D:1      | Noticed an ogre
     8 | D:1      | Noticed an octopode
    10 | D:1      | Noticed a tengu
    12 | D:1      | Noticed a formicid
    12 | D:1      | Noticed a vampire
    14 | D:1      | Noticed a halfling
    14 | D:1      | Noticed a gargoyle
    16 | D:1      | Noticed an elf
    16 | D:1      | Noticed a draconian
    18 | D:1      | Noticed a spriggan
    18 | D:1      | Noticed a ghoul
    20 | D:1      | Noticed a centaur
    22 | D:1      | Noticed a troll
    24 | D:1      | Noticed a vine stalker
    24 | D:1      | Noticed a demonspawn
    26 | D:1      | Noticed a human
    26 | D:1      | Noticed a naga
   237 | D:1      | Reached XP level 2. HP: 23/25 MP: 2/2
   489 | D:1      | Reached skill level 5 in Axes
   927 | D:1      | Reached XP level 3. HP: 29/30 MP: 3/3
  1228 | D:2      | Found a hide-covered altar of Uskayaw.
  1236 | D:2      | Became a worshipper of Uskayaw the Reveller
  1357 | D:2      | Reached * piety under Uskayaw
  1371 | D:2      | Reached ** piety under Uskayaw
  1387 | D:2      | Reached skill level 6 in Axes
  1425 | D:2      | Reached XP level 4. HP: 37/37 MP: 4/4
  1435 | D:2      | Noticed Jessica
  1443 | D:2      | Killed Jessica
  1444 | D:2      | Reached skill level 7 in Axes
  1480 | D:2      | Found a blossoming altar of Fedhas.
  1483 | D:2      | Found an ancient bone altar of Kikubaaqudgha.
  1824 | D:2      | Found a radiant altar of Vehumet.
  1865 | D:2      | Reached XP level 5. HP: 34/42 MP: 5/5
  2513 | D:3      | Found a shimmering blue altar of Sif Muna.
  2969 | D:3      | Found a runed translucent door.
  2969 | D:3      | Noticed lunkers's ghost (amateur HaHu)
  3167 | D:3      | Reached skill level 8 in Axes
  3881 | D:4      | Reached XP level 6. HP: 31/50 MP: 6/6
  4411 | D:4      | Reached skill level 9 in Axes
  5213 | D:4      | Found a blossoming altar of Fedhas.
  5925 | D:5      | Entered Level 5 of the Dungeon
  5959 | D:5      | Reached *** piety under Uskayaw
  5962 | D:5      | Found a glowing golden altar of the Shining One.
  6017 | D:5      | Found a sand-covered staircase.
  6043 | Ossuary  | Entered an ossuary
  6182 | Ossuary  | Reached XP level 7. HP: 56/59 MP: 7/7
  6222 | Ossuary  | Reached skill level 5 in Fighting
  6651 | Ossuary  | Reached skill level 1 in Armour
  7064 | D:5      | Reached skill level 1 in Invocations
  7638 | D:6      | Reached skill level 5 in Invocations
  7638 | D:6      | Reached XP level 8. HP: 66/68 MP: 9/11
  7638 | D:6      | Reached **** piety under Uskayaw
  8220 | D:6      | Found a staircase to the Ecumenical Temple.
  8308 | D:6      | Noticed Pikel
  8349 | D:6      | Killed Pikel
  8350 | D:6      | Reached skill level 11 in Axes
  8350 | D:6      | Reached XP level 9. HP: 66/74 MP: 15/15
  8583 | D:6      | Reached skill level 12 in Axes
  8971 | D:6      | Noticed Duvessa
  8988 | D:6      | Killed Duvessa
  8988 | D:6      | Noticed Dowan
  8989 | D:6      | Reached skill level 1 in Bows
  8996 | D:6      | Killed Dowan
  9364 | D:6      | Found a hazy altar of Hepliaklqana.
  9755 | D:7      | Noticed Menkaure
  9770 | D:7      | Killed Menkaure
 10435 | D:7      | Reached XP level 10. HP: 86/86 MP: 16/16
 10468 | D:7      | Noticed Joseph
 10485 | D:7      | Killed Joseph
 11061 | D:7      | Reached skill level 1 in Slings
 11307 | D:7      | Found a sparkling altar of Nemelex Xobeh.
 11307 | D:7      | Found a transporter.
 11770 | D:8      | Found a stormy altar of Qazlal.
 11943 | D:8      | Noticed a cyan ugly thing
 11945 | D:8      | Reached skill level 1 in Evocations
 11956 | D:8      | Killed a cyan ugly thing
 12345 | D:8      | Identified the Reference Book on Supportive Ignition
 12606 | D:9      | Noticed Grum
 12618 | D:9      | Killed Grum
 12619 | D:9      | Reached skill level 5 in Evocations
 12767 | D:9      | Found Xesikhep's Assorted Antiques.
 12779 | D:9      | Bought a brown potion for 24 gold pieces
 12779 | D:9      | Bought a scroll of identify for 54 gold pieces
 12792 | D:9      | Noticed Psyche
 12805 | D:9      | Noticed Psyche
 12805 | D:9      | Psyche changed into Psyche the bullfrog
 12806 | D:9      | Killed Psyche the bullfrog
 12873 | D:9      | Found a shimmering blue altar of Sif Muna.
 12911 | D:9      | Found a glowing silver altar of Zin.
 12989 | D:9      | Paralysed by a hornet for 1 turns
 12993 | D:9      | Paralysed by a hornet for 2 turns
 13299 | D:9      | Reached skill level 13 in Axes
 13299 | D:9      | Reached XP level 11. HP: 85/95 MP: 17/17
 13694 | D:9      | Reached skill level 14 in Axes
 13699 | D:9      | Reached ***** piety under Uskayaw
 14020 | D:10     | Entered Level 10 of the Dungeon
 14211 | D:10     | Noticed Maggie
 14217 | D:10     | Killed Maggie
 14977 | D:10     | Found a staircase to the Lair.
 15885 | Lair:1   | Entered Level 1 of the Lair of Beasts
 16026 | Lair:1   | Got a blackened plate armour
 16045 | Lair:1   | Identified the +4 plate armour of Gohuto {rElec rN+ Will+
                  | Str+4} (You found it on level 1 of the Lair of Beasts)
 16154 | Lair:1   | Reached skill level 15 in Axes
 16288 | Lair:1   | Noticed a six-headed hydra
 16289 | Lair:1   | Found the ring of Robustness {AC+8}
 16296 | Lair:1   | Killed a five-headed hydra
 16297 | Lair:1   | Reached skill level 5 in Armour
 16300 | Lair:1   | Reached XP level 12. HP: 102/105 MP: 17/19
 16492 | Lair:1   | Reached skill level 10 in Invocations
 16497 | Lair:1   | Reached skill level 10 in Fighting
 17038 | Lair:2   | Found a staircase to the Swamp.
 17807 | Lair:2   | Noticed a boulder beetle
 17822 | Lair:2   | Killed a boulder beetle
 19702 | Lair:4   | Found a hole to the Spider Nest.
 19736 | Lair:4   | Noticed an eight-headed hydra
 19744 | Lair:4   | Killed a seven-headed hydra
 19745 | Lair:4   | Reached skill level 10 in Armour
 19825 | Lair:4   | Noticed a four-headed hydra
 19827 | Lair:4   | Reached XP level 13. HP: 110/116 MP: 21/21
 19840 | Lair:4   | Reached ****** piety under Uskayaw
 19842 | Lair:4   | Reached skill level 16 in Axes
 20914 | Lair:5   | Noticed Snorg
 20929 | Lair:5   | Killed Snorg
 21568 | Lair:6   | Entered Level 6 of the Lair of Beasts
 21568 | Lair:6   | Found a runed translucent door.
 21584 | Lair:6   | Found a viscous altar of Jiyva.
 21604 | Lair:6   | Reached skill level 5 in Slings
 21625 | Lair:6   | Found a staircase to the Slime Pits.
 21809 | Lair:6   | Reached XP level 14. HP: 92/129 MP: 23/23
 21812 | Lair:6   | Noticed Kirke
 21825 | Lair:6   | Slain by a yak

Illustrated notes

Levels and vault maps discovered:
D:1:      kb_arrival_jail, layout_basic, chequers_mini_garden
D:2:      layout_basic, grunt_temple_overflow_growth_and_decay,
          overflow_temple_1_default, fiery_altar_vehumet,
          ebering_dispersal_statue_hall, uniq_jessica
D:3:      layout_rooms, lemuel_round_altar, gammafunk_ghost_grave,
          minmay_surrounded
D:4:      layout_layer_cave, minivault_19, chequers_big_river, fedhas_altar_2
D:5:      layout_basic, nicolae_tso_besieged_by_evil,
          nicolae_ossuary_entry_ruins, eino_small_chamber_without_monster
D:6:      kennysheep_housing_project, layout_gridville,
          overflow_temple_1_default, minmay_temple_entry_glassed_door,
          minmay_ogre_servants, uniq_pikel, uniq_duvessa
D:7:      layout_loops_ring, grunt_nemelex_the_gamble, uniq_joseph,
          uniq_menkaure
D:8:      minmay_cut_squares, layout_basic, grunt_qazlal_clouds
D:9:      kennysheep_windowed_halls, layout_basic, zin_statuary, serial_shops,
          nicolae_shop_temple_entry_statues_fountains, serial_corexii_hall,
          corexii_hall_statues_l, corexii_hall_statues_l, tgw_sif, uniq_psyche,
          uniq_grum
D:10:     layout_stronghold, david_lair_shrubbed, uniq_maggie
Lair:1:   layout_gridlike
Lair:2:   layout_cave_pods, swamp_mist_pool, st_stairs_11, serial_bayou_shore_b,
          infiniplex_staircase_pool_2, serial_bayou_shore_b,
          serial_bayou_shore_b
Lair:3:   layout_gridlike, serial_bayou_lagoon_b
Lair:4:   layout_gridlike, nicolae_spider_entry_non_spiders, grunt_megastairs_3
Lair:5:   layout_gridlike, grunt_megastairs_2, uniq_snorg
Lair:6:   minmay_lair_end_enchanted_forest, layout_gridlike, slime_altar_2,
          uniq_kirke

Skill      XL: |  1  2  3  4  5  6  7  8  9 10 11 12 13 14 |
---------------+-------------------------------------------+-----
Axes           | 5 6 7 8 9 11 12 13 15 16 | 16.0
Fighting       | 4 5 7 8 9 11 13 | 13.7
Armour         | 2 4 5 10 | 10.0
Invocations    | 5 8 9 11 13 | 13.0
Bows           | 3 |  3.4
Slings         | 2 4 5 6 |  6.2
Evocations     | 6 |  6.0
Throwing       | |  1.7
Dodging        | |  2.4

Action                   |  1- 3 |  4- 6 |  7- 9 | 10-12 | 13-15 || total
-------------------------+-------+-------+-------+-------+-------++-------
Melee: War axe           |    88 |   217 |   261 |   134 |       ||   700
       Broad axe         |       |       |       |   126 |   115 ||   241
       Unarmed           |       |       |       |       |     2 ||     2
 Fire: Hunting sling     |       |    43 |       |   456 |    82 ||   581
       Shortbow          |       |       |   154 |       |       ||   154
Throw: Throwing net      |    12 |       |       |       |       ||    12
       Stone             |    13 |       |       |       |       ||    13
       Boomerang         |    18 |    35 |   108 |    28 |    12 ||   201
       Dart              |       |    30 |       |       |       ||    30
Evoke: Phantom mirror    |       |       |       |     1 |       ||     1
       Condenser vane    |       |       |       |     1 |       ||     1
       Wand              |       |       |       |     7 |       ||     7
       Phial of floods   |       |       |       |       |     1 ||     1
  Use: Scroll            |       |    18 |     6 |    14 |     5 ||    43
       Potion            |       |     2 |     3 |     4 |     1 ||    10
 Stab: Paralysed         |       |     1 |    13 |    36 |    35 ||    85
Armor: Leather armour    |     9 |       |       |       |       ||     9
       Ring mail         |    21 |       |       |       |       ||    21
       Plate armour      |     6 |   212 |   192 |   184 |   142 ||   736
       Skin              |       |       |       |    83 |       ||    83
Dodge: Dodged            |    53 |    77 |   101 |   183 |   104 ||   518
Block: Other             |       |     8 |    66 |    55 |       ||   129
       Reflection        |       |       |     4 |     1 |       ||     5
       Buckler           |       |       |       |    50 |    19 ||    69

Table legend: (Time is in decaauts)
 A = Elapsed time spent in this place.
 B = Non-inter-level travel time spent in this place.
 C = Inter-level travel time spent in this place.
 D = Time resting spent in this place.
 E = Time spent auto-exploring this place.
 F = Levels seen in this place.
 G = Mean time per level.
                   A        B        C        D        E       F      G
               +--------+--------+--------+--------+--------+-----+--------+
         Total |  21890 |  21333 |    557 |   5769 |  11354 |  17 | 1287.6 |
       Dungeon |  15276 |  14895 |    381 |   4602 |   7173 |  10 | 1527.6 |
          Lair |   5922 |   5746 |    176 |    750 |   4042 |   6 |  987.0 |
       Ossuary |    691 |    691 |      0 |    417 |    139 |   1 |  691.0 |
               +--------+--------+--------+--------+--------+-----+--------+

Top non-repeatable levels by time:
     D:4: 2120 daAuts
     D:6: 2052 daAuts
     D:7: 1914 daAuts
  Lair:2: 1770 daAuts
     D:9: 1636 daAuts
    D:10: 1629 daAuts
     D:3: 1613 daAuts
     D:1: 1237 daAuts
     D:5: 1097 daAuts
  Lair:4: 1014 daAuts
     D:2: 1014 daAuts
  Lair:1: 1006 daAuts
  Lair:5: 1003 daAuts
     D:8: 961 daAuts
  Lair:3: 873 daAuts
